 Dungeon Crawl Stone Soup version 0.23-a0-345-g28c3e8efcb (webtiles) character file.

176177 Napalmbreeze the Warrior (level 17, -10/168 HPs)
             Began as a Minotaur Berserker on Oct 20, 2018.
             Was the Champion of Trog.
             Blown up by an orb spider (40 damage)
             ... with an orb of destruction
             ... on level 1 of the Spider Nest.
             The game lasted 01:18:43 (32700 turns).

Napalmbreeze the Warrior (Minotaur Berserker)      Turns: 32700, Time: 01:18:44

Health: -10/168    AC: 24    Str: 27    XL:     17   Next: 23%
Magic:  0/16       EV: 15    Int:  5    God:    Trog [******]
Gold:   2320       SH:  0    Dex: 12    Spells: 16/16 levels left

rFire    . . .     SeeInvis .   n - +2 executioner's axe (venom)
rCold    + . .     Gourm    .   (shield currently unavailable)
rNeg     + + .     Faith    +   T - +3 plate armour
rPois    +         Spirit   +   (helmet restricted)
rElec    .         Reflect  .   j - scarf {Spirit}
rCorr    .         Harm     .   U - +0 pair of gloves
MR       +++..                  V - +0 pair of boots
Stlth    ..........             y - amulet of faith
HPRegen  1.38/turn              N - ring "Doalokk" {rPois rN++ Str+5 Dex-4 Stlth+}
MPRegen  0.15/turn              E - ring of protection from cold

@: berserk cooldown, regenerating, slowed, very slow
A: retaliatory headbutt, horns 2
}: 1/15 runes: decaying
a: Berserk, Trog's Hand, Brothers in Arms, Renounce Religion


You were on level 1 of the Spider Nest.
You worshipped Trog.
Trog was exalted by your worship.
You were near starving.

You visited 5 branches of the dungeon, and saw 28 of its levels.
You visited the Abyss 1 time.
You also visited: Labyrinth and Ossuary.

You collected 3020 gold pieces.
You spent 700 gold pieces at shops.

Inventory:

Hand Weapons
 k - a +3 battleaxe of freezing
 n - a +2 executioner's axe of venom (weapon)
 J - a +2 battleaxe of electrocution
 R - a +2 war axe of electrocution
Armour
 j - a scarf of spirit shield (worn)
 o - a +0 shield
 T - a +3 plate armour (worn)
 U - a +0 pair of gloves (worn)
 V - a +0 pair of boots (worn)
Jewellery
 y - an amulet of faith (around neck)
 A - a +3 ring of evasion
 E - a ring of protection from cold (right hand)
 M - an uncursed ring of stealth
 N - the ring "Doalokk" (left hand) {rPois rN++ Str+5 Dex-4 Stlth+}
   (You bought it in a shop on level 2 of the Orcish Mines)

   [ring of strength]

   It affects your strength (+5).
   It affects your dexterity (-4).
   It protects you from poison.
   It greatly protects you from negative energy.
   It makes you more stealthy.
 W - an uncursed amulet of magic regeneration
Wands
 q - a wand of acid (41)
 v - a wand of scattershot (14)
 G - a wand of disintegration (28)
 O - a wand of iceblast (26)
 Q - a wand of clouds (4)
 S - a wand of enslavement (14)
Scrolls
 a - 7 scrolls of enchant weapon
 b - a scroll of fear
 d - a scroll of identify
 h - 7 scrolls of teleportation
 i - 6 scrolls of enchant armour
 m - 6 scrolls of remove curse
 w - 4 scrolls of magic mapping
 C - a scroll of blinking
 D - a scroll of brand weapon
 K - 2 scrolls of summoning
 L - 3 scrolls of fog
Potions
 e - 2 potions of resistance
 f - 6 potions of agility
 g - 4 potions of curing
 p - 2 potions of invisibility
 r - 2 potions of cancellation
 s - 4 potions of lignification
 t - 2 potions of heal wounds {unknown}
 u - 5 potions of haste
 z - 3 potions of brilliance {unknown}
 B - a potion of mutation {unknown}
 F - a potion of berserk rage {unknown}
 H - 8 potions of flight {unknown}
 I - 2 potions of ambrosia {unknown}
Comestibles
 c - 41 rations
 l - a chunk of flesh


   Skills:
 + Level 19.2 Fighting
 * Level 18.7 Axes
 + Level 17.4 Armour
 + Level 15.1 Dodging
 - Level 5.0 Shields


You had 16 spell levels left.
You didn't know any spells.
Your spell library was empty.

Dungeon Overview and Level Annotations

Branches:
Dungeon (15/15)            Temple (0/1) D:6            Lair (6/6) D:9
  Swamp (4/4) Lair:4       Spider (1/4) Lair:4        Slime (0/5) Lair:5
    Orc (2/2) D:9             Elf (0/3) Orc:2        Vaults (0/5) D:13
 Depths (0/5) D:15

Altars:
Ashenzari
Cheibriados
Elyvilon
Fedhas
Gozag
Hepliaklqana
Kikubaaqudgha
Okawaru
Sif Muna
Vehumet
Wu Jian
Xom
Yredelemnul
Zin
Beogh
Jiyva

Shops:
D:6 [??   D:11 }   Orc:2 =[*(

Portals:
Trove: D:13 (give 17 scrolls of teleportation)

Annotations:
Lair:4 3 runed doors, Meate's ghost, journeyman MiBe


Innate Abilities, Weirdness & Mutations

You reflexively headbutt those who attack you in melee.
You have a pair of horns on your head.


Message History

The tarantella barely misses you.
You bump into the rock wall.
The tarantella bites you.
* * * LOW HITPOINT WARNING * * *
You are more confused.
The orb spider begins to weave its threads into a brightly glowing ball.
Unknown command.
You barely miss the tarantella.
The tarantella is almost dead.
You kill the tarantella!
Trog accepts your kill.
You see here a tarantella corpse.
You feel a strong urge to attack something.
You are no longer berserk.
You are exhausted.
You feel yourself slow down.
The orb spider weaves a glowing orb of energy.
An orb of destruction comes into view.
You're too confused!
You feel better. The orb of destruction hits you!
You die...

##.# .....# ###...## ?....
##.#)...# #...##
.........####....###
........##.##?.....##
......s.#...#.......# ..
....[#....§§..†.#.......##
..##.....#.....§..†.#......^.#
........##..#...@.....††....##
........#..
##^.#.^...(......## ........##
#####.#####......#
.##......### ###..........#
...........# #.......####
...........## #........#
.......#..... #....#...###
††......##..# ##...#....^#
.†..#....#..# #####.....##


You could see an orb spider.

Vanquished Creatures
  Rupert (Lair:4)
  Frances (Swamp:2)
  Kirke (Lair:6)
  A thorn hunter (Swamp:3)
  An orc warlord (Orc:2)
  Nessos (D:14)
  4 very ugly things
  An entropy weaver (Spider:1)
  Snorg (Lair:6)
  A minotaur (Lab)
  2 green deaths (Swamp:4)
  A fire dragon (Lair:6)
  Josephine (Orc:1)
  A death ooze (Swamp:4)
  Harold (D:11)
  2 hell beasts (Swamp:4)
  A vault guard (D:13)
  10 hydras
  A ghost crab (Swamp:2)
  Erica (D:11)
  A centaur warrior (D:15)
  4 two-headed ogres
  10 alligators
  3 shambling mangroves
  4 orc high priests (Orc:2)
  Urug (D:10)
  A golden dragon zombie (D:15)
  13 swamp dragons
  A skeletal warrior (D:15)
  2 spriggan druids
  An unseen horror (D:11)
  A phantasmal warrior (D:15)
  4 orc knights
  Pikel (D:5)
  5 orc sorcerers
  23 slime creatures
  3 manticores
  24 ugly things
  6 wolf spiders
  A necromancer (D:15)
  4 orb spiders (Spider:1)
  Maurice (Orc:2)
  6 elephants (Lair:5)
  A guardian serpent (Lair:6)
  9 black mambas
  An orange demon (Swamp:4)
  A torpor snail (Lair:5)
  14 spiny frogs
  3 centaur skeletons
  An efreet (Abyss:3)
  5 kobold demonologists
  5 komodo dragons
  A yaktaur (D:15)
  2 rime drakes (Lair:5)
  5 demonic crawlers (Spider:1)
  A guardian mummy (D:15)
  A spriggan skeleton (D:15)
  10 trolls
  A troll (shapeshifter) (D:12)
  11 tyrant leeches
  18 hornets
  3 polar bears
  9 jumping spiders
  A merfolk (D:9)
  14 bog bodies
  Grinder (D:5)
  7 blink frogs
  10 hippogriffs
  A deep troll zombie (D:15)
  An ice dragon zombie (D:15)
  2 meliai zombies
  9 dream sheep
  A large abomination (Swamp:4)
  11 redbacks
  A vampire (D:10)
  7 spriggans
  7 shadows
  14 wyverns
  60 yaks
  4 wraiths
  A human (D:4)
  7 tarantellas (Spider:1)
  Eustachio (D:6)
  4 steam dragons
  A hog (Lair:6)
  4 basilisks
  A chaos spawn (Abyss:3)
  A small abomination (Swamp:4)
  2 hungry ghosts (D:11)
  22 vampire mosquitoes
  2 wargs (Orc:1)
  4 acid dragons
  A soldier ant (D:15)
  14 insubstantial wisps
  16 swamp worms
  6 porcupines
  18 water moccasins
  Duvessa (D:4)
  4 swamp drakes
  6 ice beasts
  2 black bears
  36 orc warriors
  3 sky beasts
  18 ogres
  14 wolves
  2 phantoms
  8 centaurs
  11 crocodiles
  7 big kobolds
  19 bullfrogs
  Blork the orc (D:5)
  3 gnoll sergeants (D:9)
  Dowan (D:4)
  A wyvern zombie (D:10)
  5 water moccasin zombies (Ossuary)
  4 scorpions
  3 wyvern skeletons
  11 killer bees
  6 wights
  2 howler monkeys
  7 crimson imps
  8 hounds
  A quasit (D:9)
  10 orc priests
  3 bullfrog skeletons
  3 centaur zombies
  6 jellies
  22 orc wizards
  Ijyb (D:5)
  5 iguanas
  9 worker ants
  7 hell rats (Lair:5)
  5 big kobold zombies (Ossuary)
  A hound skeleton (D:4)
  2 mummies (Ossuary)
  7 gnolls (D:9)
  A howler monkey skeleton (D:6)
  10 adders
  3 shadow imps
  2 oozes (Lair:5)
  4 adder zombies
  An adder skeleton (D:5)
  3 worms
  2 dart slugs
  3 leopard geckos
  87 orcs
  7 bats
  10 giant cockroaches
  4 gnoll zombies (Ossuary)
  8 goblins
  8 hobgoblins
  11 jackals
  5 quokkas
  5 frilled lizards
  8 hobgoblin zombies (Ossuary)
  15 kobolds
  6 kobold zombies (Ossuary)
  A leopard gecko skeleton (D:5)
  A leopard gecko zombie (D:6)
  3 orc zombies (Ossuary)
  2 quokka skeletons
  5 rats
  5 fungi
  7 plants
  A withered plant (D:15)
1005 creatures vanquished.

Vanquished Creatures (collateral kills)
  Nikola (Swamp:3)
  5 hydras
  An alligator (Swamp:2)
  Sonja (Lair:6)
  A swamp dragon (Swamp:3)
  A komodo dragon (Lair:2)
  A tyrant leech (Swamp:2)
  4 slime creatures (Swamp:3)
  A shadow (Swamp:2)
  A wyvern (Lair:6)
  2 water moccasins
19 creatures vanquished.

Vanquished Creatures (others)
  2 humans (Lair:6)
  A water moccasin (Lair:6)
  A swamp drake (Swamp:1)
  4 slaves (D:5)
  An ogre (D:5)
  2 killer bees (D:11)
  An orc wizard (D:7)
  2 adders (D:5)
  23 fungi
  30 plants (Lair:6)
  8 withered plants (D:15)
75 creatures vanquished.

Grand Total: 1099 creatures vanquished

Notes
Turn   | Place    | Note
-------+----------+-------------------------------------------
     0 | D:1      | Napalmbreeze the Minotaur Berserker began the quest for the
                  | Orb.
     0 | D:1      | Reached XP level 1. HP: 19/19 MP: 0/0
   232 | D:1      | Reached XP level 2. HP: 27/27 MP: 1/1
   536 | D:1      | Reached skill level 4 in Fighting
   536 | D:1      | Reached ** piety under Trog
   536 | D:1      | Reached XP level 3. HP: 14/33 MP: 2/2
  1021 | D:2      | Found a deep blue altar of Sif Muna.
  1021 | D:2      | Found an ornate altar of the Wu Jian Council.
  1021 | D:2      | Found a hazy altar of Hepliaklqana.
  1597 | D:2      | Reached XP level 4. HP: 40/40 MP: 3/3
  1669 | D:2      | Found a radiant altar of Vehumet.
  2304 | D:3      | Found an opulent altar of Gozag.
  2702 | D:4      | Found an iron altar of Okawaru.
  2721 | D:4      | Reached skill level 5 in Axes
  2766 | D:4      | Reached XP level 5. HP: 47/47 MP: 4/4
  2775 | D:4      | Noticed a phantom
  2778 | D:4      | Reached XP level 6. HP: 46/55 MP: 5/5
  2786 | D:4      | Reached *** piety under Trog
  2786 | D:4      | Reached skill level 5 in Fighting
  3008 | D:4      | Noticed a human
  3009 | D:4      | Found a runed door.
  3011 | D:4      | Found a basalt altar of Yredelemnul.
  3027 | D:4      | Killed a human
  3027 | D:4      | Reached XP level 7. HP: 61/61 MP: 6/6
  3205 | D:4      | Noticed Dowan
  3207 | D:4      | Noticed Duvessa
  3224 | D:4      | Killed Duvessa
  3225 | D:4      | Killed Dowan
  3225 | D:4      | Reached skill level 5 in Armour
  3375 | D:5      | Entered Level 5 of the Dungeon
  3687 | D:5      | Reached skill level 6 in Fighting
  3697 | D:5      | Reached skill level 5 in Dodging
  3697 | D:5      | Reached XP level 8. HP: 46/70 MP: 4/7
  3703 | D:5      | Noticed Pikel
  3712 | D:5      | Killed Pikel
  3927 | D:5      | Reached skill level 7 in Fighting
  3983 | D:5      | Noticed Ijyb
  3989 | D:5      | Paralysed by Ijyb for 6 turns
  4001 | D:5      | Killed Ijyb
  4055 | D:5      | Found a snail-covered altar of Cheibriados.
  4055 | D:5      | Noticed Blork the orc
  4062 | D:5      | Killed Blork the orc
  4095 | D:5      | Noticed Grinder
  4105 | D:5      | Killed Grinder
  4105 | D:5      | Reached XP level 9. HP: 68/79 MP: 5/8
  4570 | D:6      | Found Lalugg's Magic Scroll Boutique.
  4573 | D:6      | Bought a scroll of identify for 28 gold pieces
  4573 | D:6      | Bought a scroll of remove curse for 42 gold pieces
  4660 | D:6      | Reached skill level 10 in Axes
  4684 | D:6      | Reached **** piety under Trog
  4831 | D:6      | Found Fonakoiq's Magic Scroll Shoppe.
  4865 | D:6      | Found a staircase to the Ecumenical Temple.
  5135 | D:6      | Found Tacwir's Antique Armour Emporium.
  5150 | D:6      | Found a blossoming altar of Fedhas.
  5171 | D:6      | Noticed Eustachio
  5192 | D:6      | Killed Eustachio
  5415 | D:7      | Reached skill level 8 in Fighting
  5415 | D:7      | Reached skill level 1 in Shields
  5669 | D:7      | Found a shimmering altar of Xom.
  5671 | D:7      | Found a shimmering altar of Xom.
  5671 | D:7      | Found a shimmering altar of Xom.
  5671 | D:7      | Found a shimmering altar of Xom.
  5989 | D:8      | Found a sand-covered staircase.
  6004 | Ossuary  | Entered an ossuary
  6091 | Ossuary  | Reached XP level 10. HP: 78/89 MP: 9/9
  6143 | Ossuary  | Reached ***** piety under Trog
  6279 | D:8      | Found an ancient bone altar of Kikubaaqudgha.
  6797 | D:9      | Reached skill level 9 in Fighting
  6996 | D:9      | Found a deep blue altar of Sif Muna.
  7020 | D:9      | Found a glowing silver altar of Zin.
  7161 | D:9      | Found a staircase to the Orcish Mines.
  7210 | D:9      | Reached skill level 10 in Armour
  7333 | D:9      | Received a gift from Trog
  7431 | D:9      | Found a staircase to the Lair.
  7438 | D:9      | Reached XP level 11. HP: 99/99 MP: 10/10
  7999 | Lair:1   | Entered Level 1 of the Lair of Beasts
  8039 | Lair:1   | Reached skill level 10 in Fighting
  8608 | Lair:1   | Noticed an eight-headed hydra
  8623 | Lair:1   | Reached skill level 5 in Shields
  8627 | Lair:1   | Killed an eight-headed hydra
  9048 | Lair:2   | Noticed a six-headed hydra
  9063 | Lair:2   | Killed an eight-headed hydra
  9543 | Lair:2   | Noticed a four-headed hydra
  9550 | Lair:2   | Killed a five-headed hydra
  9950 | Lair:3   | Reached XP level 12. HP: 97/108 MP: 11/11
  9960 | Lair:3   | Reached skill level 11 in Fighting
 11000 | Lair:4   | Reached skill level 10 in Dodging
 11191 | Lair:4   | Found a runed gate.
 11212 | Lair:4   | Found a runed gate.
 11213 | Lair:4   | Found a runed gate.
 11247 | Lair:4   | Noticed a four-headed hydra
 11265 | Lair:4   | Killed a four-headed hydra
 11305 | Lair:4   | Reached skill level 12 in Fighting
 11527 | Lair:4   | Found a staircase to the Swamp.
 11564 | Lair:4   | Noticed Rupert
 11578 | Lair:4   | Killed Rupert
 11624 | Lair:4   | Found a hole to the Spider Nest.
 11890 | Lair:4   | Noticed Meate's ghost (journeyman MiBe)
 12140 | Lair:5   | Found a runed door.
 12141 | Lair:5   | Found a viscous altar of Jiyva.
 12143 | Lair:5   | Found a staircase to the Slime Pits.
 12237 | Lair:5   | Reached skill level 13 in Fighting
 12243 | Lair:5   | Reached XP level 13. HP: 105/122 MP: 10/12
 12895 | Lair:6   | Entered Level 6 of the Lair of Beasts
 12941 | Lair:6   | Noticed Snorg
 12960 | Lair:6   | Killed Snorg
 13040 | Lair:6   | Received a gift from Trog
 13784 | Lair:6   | Reached skill level 14 in Fighting
 14406 | Lair:6   | Noticed Kirke
 14414 | Lair:6   | Noticed Sonja
 14417 | Lair:6   | Killed Kirke
 14427 | Lair:6   | Killed Sonja
 14657 | Lair:6   | Reached skill level 15 in Fighting
 14686 | Lair:6   | Reached XP level 14. HP: 91/135 MP: 11/13
 15697 | D:10     | Entered Level 10 of the Dungeon
 16039 | D:10     | Noticed Urug
 16054 | D:10     | Killed Urug
 16590 | D:11     | Found a white marble altar of Elyvilon.
 16953 | D:11     | Noticed Erica
 16962 | D:11     | Killed Erica
 16962 | D:11     | Reached skill level 15 in Axes
 17022 | D:11     | Found a shattered altar of Ashenzari.
 17111 | D:11     | Noticed Harold
 17119 | D:11     | Killed Harold
 17613 | D:11     | Found Gumicoun's Gadget Emporium.
 17859 | D:12     | Reached skill level 16 in Fighting
 18034 | D:12     | Found a labyrinth entrance.
 18055 | D:12     | Reached skill level 15 in Armour
 18058 | Lab      | Entered a labyrinth
 18269 | Lab      | Identified the +6 hunting sling of the Swamp {freeze, MR+++
                  | Dex-2 Stlth+}
 18554 | D:12     | Received a gift from Trog
 18925 | D:12     | Found an opulent altar of Gozag.
 19044 | D:13     | Found a gate to the Vaults.
 19603 | D:13     | Found a portal to a secret trove of treasure.
 19889 | D:14     | Found an opulent altar of Gozag.
 19890 | D:14     | Noticed Nessos
 19899 | D:14     | Killed Nessos
 20822 | D:15     | Entered Level 15 of the Dungeon
 20840 | D:15     | Reached XP level 15. HP: 125/146 MP: 12/14
 21098 | D:15     | Reached skill level 17 in Fighting
 21100 | D:15     | Cast into level 3 of the Abyss (necromancer)
 21213 | D:15     | Escaped the Abyss
 21519 | D:15     | Found a staircase to the Depths.
 21616 | D:15     | Reached ****** piety under Trog
 21618 | D:15     | Received a gift from Trog
 22344 | Orc:1    | Entered Level 1 of the Orcish Mines
 22538 | Orc:2    | Entered Level 2 of the Orcish Mines
 22538 | Orc:2    | Found Ytzegesu's Antique Weapon Shop.
 22538 | Orc:2    | Noticed an orc warlord
 23108 | Orc:1    | Noticed Josephine
 23117 | Orc:1    | Killed Josephine
 23963 | Orc:2    | Received a gift from Trog
 23977 | Orc:2    | Killed an orc warlord
 23985 | Orc:2    | Found Deimeuze's General Store.
 24148 | Orc:2    | Found Mekh's Antique Armour Emporium.
 24235 | Orc:2    | Found a staircase to the Elven Halls.
 24279 | Orc:2    | Found a roughly hewn altar of Beogh.
 24290 | Orc:2    | Found Piwuynt's Jewellery Boutique.
 24344 | Orc:2    | Bought the ring "Doalokk" {rPois rN++ Str+5 Dex-4 Stlth+}
                  | for 630 gold pieces
 24384 | Orc:2    | Noticed Maurice
 24390 | Orc:2    | Paralysed by something for 7 turns
 24408 | Orc:2    | Paralysed by something for 7 turns
 24420 | Orc:2    | Killed Maurice
 25287 | Swamp:1  | Entered Level 1 of the Swamp
 25605 | Swamp:1  | Received a gift from Trog
 26919 | Swamp:1  | Reached XP level 16. HP: 147/157 MP: 13/15
 27115 | Swamp:2  | Identified a scroll of acquirement
 27116 | Swamp:2  | Got a translucent broad axe
 27117 | Swamp:2  | Identified the +1 broad axe of Destiny {drain, *Slow
                  | Fragile rPois rF+++} (You acquired it on level 2 of the
                  | Swamp)
 27180 | Swamp:2  | Reached skill level 18 in Fighting
 27406 | Swamp:2  | Noticed Frances
 27415 | Swamp:2  | Killed Frances
 27422 | Swamp:2  | HP: 5/157 [alligator (11)]
 28520 | Swamp:3  | Noticed Nikola
 28529 | Swamp:3  | Killed Nikola
 29215 | Swamp:3  | Received a gift from Trog
 29256 | Swamp:3  | Noticed a thorn hunter
 29270 | Swamp:3  | Killed a thorn hunter
 29533 | Swamp:4  | Entered Level 4 of the Swamp
 29938 | Swamp:4  | Received a gift from Trog
 31409 | Swamp:4  | Reached skill level 19 in Fighting
 31730 | Swamp:4  | Reached XP level 17. HP: 141/168 MP: 12/16
 31937 | Swamp:4  | Reached skill level 15 in Dodging
 32037 | Swamp:4  | Got a decaying rune of Zot
 32212 | Spider:1 | Entered Level 1 of the Spider Nest
 32221 | Spider:1 | Received a gift from Trog
 32689 | Spider:1 | HP: 11/252 [tarantella (10)]
 32700 | Spider:1 | Blown up by an orb spider

Vault maps used:
D:1:      eino_arrival_cavern_b, chequers_serial_rivers_marsh, minivault_24
D:2:      chequers_temple_overflow_statue_of_worship, vehumet_crystals,
          minmay_pentomino_z4
D:3:      lemuel_crystal_altar, first_ration
D:4:      okawaru_gym_becter, dk_yredelemnul_ordeal, uniq_duvessa
D:5:      cheibriados_altar_1, uniq_pikel, uniq_grinder, uniq_blork_the_orc,
          uniq_ijyb
D:6:      minmay_temple_entry_from_below_a, serial_shops, kennysheep_mini,
          kennysheep_mini_moat, kennysheep_little_box, fedhas_altar_3,
          uniq_eustachio
D:7:      xom_shifter_show
D:8:      nicolae_overflow_crystal_walls, nicolae_ossuary_entry_ruins
D:9:      marbit_many_paths, david_lair_generic,
          kennysheep_orc_monster_closet_entryway, hangedman_fish_farm,
          lemuel_blue_sif_altar
D:10:     uniq_urug
D:11:     serial_shops, shop, basic_altar, nicolae_ashenzari_panopticon,
          uniq_erica, uniq_harold
D:12:     lab_entry_generic, basic_altar
D:13:     david_vaults_5, enter_trove_3
D:14:     nicolae_gozag_seed_capital, uniq_nessos
D:15:     gammafunk_depths_entry_grave
Lair:2:   grunt_megastairs_2
Lair:4:   minmay_swamp_entry_swarm, spider_nest_entry_rubble,
          gammafunk_ghost_icy, minivault_24, lemuel_fruit_tree, uniq_rupert
Lair:5:   slime_altar_2
Lair:6:   guppyfry_lair_end_dragon, hangedman_lair_tendril_chambers, uniq_sonja,
          uniq_kirke, uniq_snorg
Swamp:1:  evilmike_swamp_ruin_wall
Swamp:2:  wheals_swamp_sinkhole, infiniplex_staircase_pool, uniq_frances
Swamp:3:  hangedman_swamp_blocks, swamp_pool3, uniq_nikola
Swamp:4:  swamp_vile
Orc:1:    uniq_josephine
Orc:2:    grunt_orc_gardens, grunt_orc_garden, grunt_orc_garden,
          grunt_orc_garden, grunt_orc_garden, basic_altar, uniq_maurice
Abyss:3:  evilmike_abyss_rune_siren_acolytes
Lab:      labyrinth_watery, lab_fountain, nicolae_lab_big_swirl, lab_hedge,
          nicolae_lab_statue
Ossuary:  ossuary_tomb_2

Skill      XL: |  1  2  3  4  5  6  7  8  9 10 11 12 13 14 15 16 17 |
---------------+----------------------------------------------------+-----
Axes           | 4 5 6 8 9 11 12 13 14 15 17 18 | 18.7
Fighting       | 4 5 6 7 8 9 10 13 15 16 17 19 | 19.2
Armour         | 3 4 5 6 7 10 12 13 14 15 16 17 | 17.4
Dodging        | 3 4 5 6 7 8 9 10 12 13 14 15 | 15.1
Shields        | 4 5 |  5.0

Action                   |  1- 3 |  4- 6 |  7- 9 | 10-12 | 13-15 | 16-18 || total
-------------------------+-------+-------+-------+-------+-------+-------++-------
Melee: Hand axe          |    88 |       |   264 |   615 |       |       ||   967
       Headbutt          |    13 |    11 |    58 |   150 |   238 |   120 ||   590
       War axe           |    10 |    69 |    21 |       |       |       ||   100
       Battleaxe         |       |       |       |    37 |   997 |   373 ||  1407
       Executioner's axe |       |       |       |       |       |    68 ||    68
Invok: Berserk           |     3 |     2 |     5 |     8 |    26 |    11 ||    55
       Trog's Hand       |       |     1 |     3 |     3 |     6 |     2 ||    15
       Brothers in Arms  |       |       |       |     5 |     2 |     3 ||    10
  Use: Scroll            |       |       |     7 |     2 |    10 |    13 ||    32
       Potion            |       |       |       |       |     4 |     6 ||    10
 Stab: Sleeping          |     1 |     1 |       |       |       |       ||     2
  Eat: Chunk             |     4 |     7 |    17 |    26 |    43 |    10 ||   107
       Ration            |       |       |       |     2 |     8 |     6 ||    16
Armor: Animal skin       |    21 |     2 |       |       |       |       ||    23
       Chain mail        |       |    46 |    64 |       |       |       ||   110
       Plate armour      |       |       |    47 |   215 |   541 |   306 ||  1109
Dodge: Dodged            |    90 |    42 |   126 |   349 |   942 |   404 ||  1953
Block: Buckler           |       |       |    17 |   133 |       |       ||   150

Table legend:
 A = Non-vault XP
 B = Vault XP
 C = Vault XP percentage of total XP
 D = Non-vault monster count
 E = Vault monster count
 F = Vault count percentage of total count
                 A         B        C        D         E       F
            +---------+---------+-------+---------+---------+-------
      Total |  159039 |   74072 |  31.8 |     800 |     215 |  21.2
            +---------+---------+-------+---------+---------+-------
        D:1 |      52 |       0 |   0.0 |      29 |       0 |   0.0
        D:2 |      43 |       6 |  12.2 |      15 |       3 |  16.7
        D:3 |      22 |       0 |   0.0 |      11 |       0 |   0.0
        D:4 |     569 |     422 |  42.6 |      30 |       3 |   9.1
        D:5 |     898 |     858 |  48.9 |      24 |       4 |  14.3
        D:6 |     571 |     196 |  25.6 |      17 |       1 |   5.6
        D:7 |    1205 |       0 |   0.0 |      21 |       0 |   0.0
        D:8 |    1128 |       0 |   0.0 |      21 |       0 |   0.0
        D:9 |    3455 |    2116 |  38.0 |      44 |      24 |  35.3
       D:10 |    3091 |     835 |  21.3 |      27 |       1 |   3.6
       D:11 |    7043 |    1931 |  21.5 |      39 |       2 |   4.9
       D:12 |    9418 |       0 |   0.0 |      52 |       0 |   0.0
       D:13 |    1962 |    1002 |  33.8 |      11 |       1 |   8.3
       D:14 |    5705 |    1334 |  19.0 |      22 |       1 |   4.3
       D:15 |   11529 |    3882 |  25.2 |      42 |       8 |  16.0
     Lair:1 |    5341 |       0 |   0.0 |      27 |       0 |   0.0
     Lair:2 |    2113 |    1583 |  42.8 |      11 |       6 |  35.3
     Lair:3 |    3946 |       0 |   0.0 |      19 |       0 |   0.0
     Lair:4 |    6236 |    3642 |  36.9 |      30 |       5 |  14.3
     Lair:5 |    6599 |     179 |   2.6 |      28 |       6 |  17.6
     Lair:6 |   10125 |   16843 |  62.5 |      34 |      50 |  59.5
    Swamp:1 |   15503 |       0 |   0.0 |      48 |       0 |   0.0
    Swamp:2 |   11553 |    2401 |  17.2 |      28 |       1 |   3.4
    Swamp:3 |   16829 |    2130 |  11.2 |      35 |       1 |   2.8
    Swamp:4 |   12645 |   20172 |  61.5 |      36 |      30 |  45.5
   Spider:1 |   13981 |       0 |   0.0 |      39 |       0 |   0.0
      Orc:1 |    3179 |    4917 |  60.7 |      25 |      14 |  35.9
      Orc:2 |    3735 |    7848 |  67.8 |      33 |      18 |  35.3
    Abyss:3 |     563 |       0 |   0.0 |       2 |       0 |   0.0
        Lab |       0 |    1177 | 100.0 |       0 |       1 | 100.0
    Ossuary |       0 |     598 | 100.0 |       0 |      35 | 100.0
            +---------+---------+-------+---------+---------+-------
